 Dungeon Crawl Stone Soup version 0.17-a0-737-gf0a300a (webtiles) character file.

273 Ngotmuk the Shield-Bearer (level 6, -6/57 HPs)
             Began as a Deep Dwarf Fighter on Apr 28, 2015.
             Killed by divine providence
             ... invoked by an orc priest
              (14 damage)
             ... on level 4 of the Dungeon.
             The game lasted 00:06:20 (2177 turns).

Ngotmuk the Shield-Bearer (Deep Dwarf Fighter)      Turns: 2177, Time: 00:06:20

Health: -6/57      AC:  8    Str: 22    XL:     6   Next: 2%
Magic:  6/6        EV:  9    Int:  8    God:
Gold:   214        SH: 10    Dex: 12    Spells: 0 memorised, 5 levels left

rFire  . . .     SeeInvis .     a - +0 war axe
rCold  . . .     Clarity  .     b - +0 scale mail
rNeg   . . .     SustAb   .     c - +0 shield
rPois  .         Gourm    +     (no helmet)
rElec  .         Spirit   .     (no cloak)
rCorr  .         Warding  .     (no gloves)
rMut   .         Stasis   .     o - +0 pair of boots
MR     .....                    r - amulet of the gourmand
Stlth  ..........               (no ring)
                                (no ring)

@: non-regenerating, not resistant to hostile enchantments, extremely unstealthy
A: damage resistance, recharge devices, sense surroundings 1, slow healing 3
a: Device Recharging


You were on level 4 of the Dungeon.
You were not hungry.

You visited 1 branch of the dungeon, and saw 4 of its levels.
You also visited: Sewer.

You collected 214 gold pieces.

Inventory:

Hand weapons
 a - a +0 war axe (weapon)
Armour
 b - a +0 scale mail (worn)
 c - a +0 shield (worn)
 o - a +0 pair of boots (worn)
Jewellery
 r - an amulet of the gourmand (around neck)
Magical devices
 e - a wand of heal wounds (4)
Scrolls
 g - a scroll of amnesia {unknown}
 h - a scroll of immolation {unknown}
 j - a scroll of teleportation {unknown}
 k - 3 scrolls of remove curse {unknown}
 l - 4 scrolls of identify {unknown}
 n - a scroll of enchant weapon {unknown}
 q - a scroll of blinking {unknown}
 v - a scroll of fog {unknown}
Potions
 i - a potion of flight {unknown}
 p - a potion of heal wounds {unknown}
 s - a potion of brilliance {unknown}
 t - a potion of restore abilities {unknown}
 u - a potion of invisibility {unknown}
 w - 2 potions of poison {unknown}
 x - a potion of berserk rage {unknown}
Comestibles
 f - 2 bread rations
 m - 4 fruits
 z - a beef jerky


   Skills:
 + Level 3.7 Fighting
 + Level 3.4 Axes
 + Level 4.2 Armour
 + Level 2.7 Dodging
 + Level 4.5 Shields


You had 5 spell levels left.
You didn't know any spells.

Dungeon Overview and Level Annotations

Branches:
Dungeon (4/15)
 Temple: D:4-7

Altars:


Innate Abilities, Weirdness & Mutations

You are resistant to damage.
You can recharge devices by infusing magical energy.
You passively map a small area around you.
You do not heal naturally.


Message History

You kill the orc!
Your shield prevents you from hitting the orc priest.
You block the orc priest's attack.
The orc priest hits you but does no damage.
You slash the orc priest!
The orc priest is severely wounded.
The orc priest hits you but does no damage.
You closely miss the orc priest.
The orc priest is severely wounded.
The orc priest invokes the aid of Beogh against you.
Something smites you!
* * * LOW HITPOINT WARNING * * *
The orc priest becomes somewhat translucent.
You closely miss the orc priest.
The orc priest is severely wounded.
The orc priest's eyes start to glow.
The orc priest hits you but does no damage.
The orc priest mumbles some strange prayers to Beogh against you.
Something smites you!
You die...

, #.# , * *
#.# #.# #.#
#.# , #.#
#.#
##########.#
#....ooo@..#
#.##########
, *


You could see 3 orc priests.

Vanquished Creatures
  Purgy (Sewer)
  Jessica (D:2)
  An orc priest (D:3)
  An iguana (D:4)
  An adder (D:2)
  A river rat (D:3)
  2 giant geckos
  9 orcs
  4 ball pythons
  7 giant cockroaches
  8 goblins
  7 hobgoblins
  5 jackals
  3 kobolds
  10 bats
  8 giant newts
  A quokka (D:3)
  7 rats (D:3)
77 creatures vanquished.

Notes
Turn   | Place    | Note
--------------------------------------------------------------
     0 | D:1      | Ngotmuk, the Deep Dwarf Fighter, began the quest for the Orb.
     0 | D:1      | Reached XP level 1. HP: 20/20 MP: 1/1
   108 | D:1      | Reached XP level 2. HP: 27/27 MP: 2/2
   580 | D:2      | Reached skill level 1 in Dodging
   765 | D:2      | Reached XP level 3. HP: 28/33 MP: 3/3
   875 | D:2      | Noticed Jessica
   882 | D:2      | Killed Jessica
  1168 | D:3      | Reached XP level 4. HP: 30/42 MP: 4/4
  1177 | D:3      | Reached skill level 4 in Shields
  1627 | D:3      | Found a glowing drain.
  1641 | Sewer    | Entered a sewer
  1671 | Sewer    | Noticed Purgy
  1686 | Sewer    | Killed Purgy
  1686 | Sewer    | Reached XP level 5. HP: 13/49 MP: 5/5
  2116 | D:4      | Reached XP level 6. HP: 39/57 MP: 6/6
  2177 | D:4      | Killed from afar by an orc priest

Action                   |  1- 3 |  4- 6 || total
-------------------------+-------+-------++-------
Melee: War axe           |    98 |   167 ||   265
Evoke: Wand              |       |     1 ||     1
  Use: Potion            |       |     1 ||     1
  Eat: Bread ration      |     1 |       ||     1
